 Dungeon Sprint DCSS version 0.20.1-1-g8b1a95d (webtiles) character file.

779 suicidejoker the Covert (level 7, -6/41 HPs)
             Began as an Octopode Enchanter on Sept 5, 2017.
             Was a Priest of Cheibriados.
             Mangled by a jumping spider (shapeshifter) (20 damage)
             ... in the Dungeon (Sprint IX: "|||||||||||||||||||||||||||||").
             The game lasted 00:02:42 (822 turns).

suicidejoker the Covert (Octopode Enchanter)         Turns: 822, Time: 00:02:43

Health: -6/41      AC:  1    Str: 17    XL:     7   Next: 85%
Magic:  4/17       EV: 20    Int: 29    God:    Cheibriados [***...]
Gold:   0          SH:  0    Dex: 23    Spells: 17/20 levels left

rFire    . . .     SeeInvis .   a - +1 dagger
rCold    . . .     Gourm    .   (no shield)
rNeg     . . .     Faith    .   (helmet restricted)
rPois    .         Spirit   .   (no amulet)
rElec    .         Reflect  .   n - +3 ring of intelligence
rCorr    .         Harm     .   o - +3 ring of dexterity
MR       .....     NoTele   +   (no ring)
Stlth    ++++++....             (no ring)
Regen    0.2/turn               (no ring)
MPRegen  0.2/turn               (no ring)
                                (no ring)
                                (no ring)

@: very slow
A: almost no armour, stealthy swim, amphibious, 8 rings, constrict 8, camouflage
1, gelatinous body 1
a: Bend Time, Temporal Distortion, Renounce Religion


You were in the Dungeon.
You worshipped Cheibriados.
Cheibriados was most pleased with you.
You were not hungry.

You visited 1 branch

Inventory:

Hand Weapons
 a - a +1 dagger (weapon)
Jewellery
 n - a +3 ring of intelligence (left tentacle)
 o - a +3 ring of dexterity (right tentacle)
Wands
 m - a wand of iceblast (4/15)
Scrolls
 i - 2 scrolls of blinking
 k - 3 scrolls of remove curse
 l - 2 scrolls of amnesia
Potions
 d - 4 potions of curing
 e - 2 potions of heal wounds
 f - a potion of haste
 g - 4 potions of magic
 h - a potion of berserk rage
 j - a potion of invisibility
Books
 b - a book of Maledictions

   Spells                             Type                      Level
   a - Corona                         Hexes                        1
   b - Ensorcelled Hibernation        Hexes/Ice                    2
   c - Confuse                        Hexes                        3
   d - Tukima's Dance                 Hexes                        3
   e - Dazzling Spray                 Conjuration/Hexes            3
Comestibles
 c - a bread ration


   Skills:
 + Level 7.5 Short Blades
 + Level 7.8 Dodging
 + Level 11.2 Stealth
 + Level 7.0 Spellcasting
 + Level 8.1 Hexes


You had 17 spell levels left.
You knew the following spells:

 Your Spells              Type           Power        Failure   Level  Hunger
a - Corona                Hex            ######.      1%          1    None
b - Ensorcelled Hibernat  Hex/Ice        ####..       1%          2    None


Dungeon Overview and Level Annotations

Branches:
Dungeon (1/1)

Altars:
Cheibriados
Dithmenos
Elyvilon
Fedhas
Gozag
Hepliaklqana
Kikubaaqudgha
Makhleb
Nemelex Xobeh
Okawaru
Qazlal
Ru
Sif Muna
Trog
Uskayaw
Vehumet
Xom
Yredelemnul
Zin
The Shining One
Beogh
Jiyva
Lugonu


Innate Abilities, Weirdness & Mutations

You cannot wear most types of armour.
You are very stealthy in the water. (Stealth+)
You are amphibious.
You can wear up to eight rings at the same time.
You can use your tentacles to constrict eight enemies at once.
Your skin changes colour to match your surroundings (Stealth+).
Your rubbery body absorbs attacks. (AC +1, EV +1)


Message History

Confirm with . or Enter, or press ? or * to list all spells.
Aiming: Ensorcelled Hibernation
Press: ? - help, Shift-Dir - straight line, f - jumping spider
Aim: a jumping spider shaped shifter (clinging, chance to defeat MR: 62%)
The jumping spider looks drowsy...
The phantom barely misses you.
The web tears apart.
The phantom completely misses you.
The jumping spider hisses angrily.
Casting: Ensorcelled Hibernation
Confirm with . or Enter, or press ? or * to list all spells.
Aiming: Ensorcelled Hibernation
Press: ? - help, Shift-Dir - straight line, f - you, p - jumping spider That would be overly suicidal.
Okay, then.
Casting: Ensorcelled Hibernation
Confirm with . or Enter, or press ? or * to list all spells.
Aiming: Ensorcelled Hibernation
Press: ? - help, Shift-Dir - straight line, f - jumping spider
Aim: a jumping spider shaped shifter (clinging, not susceptible)
The jumping spider is unaffected.
The jumping spider pounces on you!!
You die...

▓'▓
▓÷▓
▓.▓
▓.▓
▓.▓
▓.▓
▓.▓
▓W▓
▓@▓
▓s▓
▓.▓
▓.▓
▓.▓
▓.▓
▓+▓


You could see a phantom and a jumping spider shaped shifter.

Vanquished Creatures
  An ugly thing (D)
  A necrophage (D)
  An ogre (D)
  A scorpion (D)
  A killer bee (D)
  A wight (D)
  A hound (D)
  An orc wizard (D)
  A worker ant (D)
  An adder (D)
  An adder skeleton (D)
  2 bats (D)
  A bat skeleton (D)
  2 giant cockroaches (D)
  A hobgoblin (D)
  A frilled lizard (D)
  A leopard gecko zombie (D)
  A quokka zombie (D)
20 creatures vanquished.

Notes
Turn   | Place    | Note
-------+----------+-------------------------------------------
     0 | D        | suicidejoker the Octopode Enchanter began the quest for the Orb.
     0 | D        | Reached XP level 1. HP: 11/11 MP: 3/3
   278 | D        | Reached XP level 2. HP: 9/17 MP: 3/5
   285 | D        | Reached skill level 5 in Stealth
   289 | D        | Learned a level 2 spell: Ensorcelled Hibernation
   424 | D        | Found a roughly hewn altar of Beogh.
   424 | D        | Found a snail-covered altar of Cheibriados.
   424 | D        | Found a shadowy altar of Dithmenos.
   424 | D        | Found a white marble altar of Elyvilon.
   424 | D        | Found a blossoming altar of Fedhas.
   424 | D        | Found an opulent altar of Gozag.
   425 | D        | Found a hazy altar of Hepliaklqana.
   426 | D        | Found a viscous altar of Jiyva.
   427 | D        | Found an ancient bone altar of Kikubaaqudgha.
   428 | D        | Became a worshipper of Cheibriados the Contemplative
   429 | D        | Found a corrupted altar of Lugonu.
   430 | D        | Found a burning altar of Makhleb.
   431 | D        | Found a sparkling altar of Nemelex Xobeh.
   432 | D        | Found an iron altar of Okawaru.
   433 | D        | Found a stormy altar of Qazlal.
   434 | D        | Found a sacrificial altar of Ru.
   435 | D        | Found a deep blue altar of Sif Muna.
   436 | D        | Found a bloodstained altar of Trog.
   437 | D        | Found a hide-covered altar of Uskayaw.
   438 | D        | Found a radiant altar of Vehumet.
   440 | D        | Found a shimmering altar of Xom.
   441 | D        | Found a basalt altar of Yredelemnul.
   442 | D        | Found a glowing silver altar of Zin.
   443 | D        | Found a glowing golden altar of the Shining One.
   478 | D        | Noticed a necrophage
   478 | D        | Noticed a scorpion
   481 | D        | Reached XP level 3. HP: 21/21 MP: 5/7
   490 | D        | Killed a necrophage
   490 | D        | Reached skill level 7 in Stealth
   490 | D        | Reached skill level 5 in Hexes
   490 | D        | Reached XP level 4. HP: 21/27 MP: 6/10
   490 | D        | Reached XP level 5. HP: 25/31 MP: 6/11
   498 | D        | Reached * piety under Cheibriados
   498 | D        | Reached skill level 5 in Dodging
   503 | D        | Reached skill level 5 in Short Blades
   503 | D        | Reached skill level 8 in Stealth
   503 | D        | Reached skill level 5 in Spellcasting
   507 | D        | Reached ** piety under Cheibriados
   507 | D        | Reached XP level 6. HP: 6/36 MP: 8/13
   797 | D        | Noticed a red ugly thing
   797 | D        | Noticed a phantom
   797 | D        | Noticed a fire crab
   801 | D        | Killed a red ugly thing
   801 | D        | Reached skill level 10 in Stealth
   801 | D        | Reached XP level 7. HP: 18/41 MP: 11/16
   803 | D        | Noticed a shapeshifter
   803 | D        | a fire crab changed into a shapeshifter
   803 | D        | Noticed a jumping spider
   803 | D        | a shapeshifter changed into a jumping spider
   811 | D        | Reached *** piety under Cheibriados
   811 | D        | Reached skill level 11 in Stealth
   822 | D        | Mangled by a jumping spider (shapeshifter)

Skill      XL: |  1  2  3  4  5  6  7 |
---------------+----------------------+-----
Short Blades   | 2 3 4 5 7 |  7.5
Dodging        | 3 4 5 7 |  7.8
Stealth        | 5 7 8 10 11 | 11.2
Spellcasting   | 3 4 5 6 7 |  7.0
Hexes          | 4 5 6 7 8 |  8.1

Action                   |  1- 3 |  4- 6 |  7- 9 || total
-------------------------+-------+-------+-------++-------
Melee: Dagger            |    28 |    17 |    11 ||    56
       Constrict         |     5 |     3 |     1 ||     9
       Tentacles         |     3 |     5 |     5 ||    13
 Cast: Ensorcelled Hiber |       |     1 |     5 ||     6
Evoke: Wand              |       |     3 |       ||     3
  Use: Potion            |       |       |     2 ||     2
 Stab: Sleeping          |     6 |     1 |     2 ||     9
Dodge: Dodged            |    11 |    15 |    13 ||    39
